 Dungeon Crawl Stone Soup version 0.30.2 (webtiles) character file.

Game seed: 14419814217622585885

2047 Ekaitz the Gusty (level 9, -2/52 HPs)
             Began as a Tengu Air Elementalist on Dec 24, 2023.
             Slain by a bullfrog (6 damage)
             ... on level 6 of the Dungeon on Feb 1, 2024.
             The game lasted 00:23:37 (7188 turns).

Ekaitz the Gusty (Tengu Air Elementalist)           Turns: 7188, Time: 00:23:38

Health: -2/52      AC:  4    Str:  9    XL:     9   Next: 24%
Magic:  7/17       EV: 22    Int: 17    God:
Gold:   324        SH:  0    Dex: 17    Spells: 1/18 levels left

rFire   . . .        a - +3 rapier (holy)
rCold   . . .        (no shield)
rNeg    . . .        E - +0 robe {Archmagi}
rPois   +            (helmet restricted)
rElec   .            (no cloak)
rCorr   .            C - +1 pair of gloves
SInv    .            (boots unavailable)
Will    .....        (no amulet)
Stlth   +++          l - +5 ring of evasion
HPRegen 0.28/turn    A - ring of poison resistance
MPRegen 0.15/turn

%: archmagi
@: flying quickly and evasively, very slightly contaminated, quick
A: beak, talons 3, nimble flight
a: no special abilities


You were on level 6 of the Dungeon.
You visited 1 branch of the dungeon, and saw 6 of its levels.

You collected 463 gold pieces.
You spent 139 gold pieces at shops.

Inventory:

Hand Weapons
 a - a +3 rapier of holy wrath (weapon)
 g - a +0 dagger of venom
 w - a +2 rapier of speed
 D - a +0 dagger of draining
Missiles
 h - 7 javelins
 m - 6 poisoned darts
Armour
 v - a +2 scale mail of poison resistance
 C - a +1 pair of gloves (worn)
 E - a +0 robe of the Archmagi (worn)
Jewellery
 l - a +5 ring of evasion (left hand)
 A - a ring of poison resistance (right hand)
Wands
 o - a wand of digging (2)
 y - a wand of roots (7)
Scrolls
 i - 3 scrolls of magic mapping {unknown}
 k - 2 scrolls of enchant weapon {unknown}
 n - a scroll of amnesia
 p - 2 scrolls of blinking {unknown}
 q - a scroll of silence {unknown}
 s - a scroll of immolation {unknown}
 t - 2 scrolls of poison {unknown}
 u - 6 scrolls of identify {unknown}
Potions
 b - a potion of magic
 c - 3 potions of berserk rage {unknown}
 d - 4 potions of brilliance {unknown}
 e - 3 potions of heal wounds
 f - 4 potions of lignification {unknown}
 j - a potion of cancellation {unknown}
 r - 3 potions of curing
 x - a potion of mutation {unknown}
 z - 2 potions of ambrosia {unknown}
 B - a potion of flight {unknown}


   Skills:
 * Level 4.0 Fighting
 + Level 2.6 Short Blades
 * Level 4.6 Dodging
 + Level 3.9 Stealth
 + Level 5.0 Spellcasting
 + Level 3.5 Conjurations
 * Level 4.6 Summonings
 + Level 7.3 Air Magic
 * Level 4.0 Poison Magic


You had one spell level left.
You knew the following spells:

 Your Spells              Type           Power      Damage    Failure   Level
a - Shock                 Conj/Air       100%       1d9       1%          1
b - Static Discharge      Conj/Air       68%        2-5/arc   2%          2
c - Swiftness             Air            43%        N/A       1%          3
d - Airstrike             Air            21%        2d(4-20)  7%          4
e - Poisonous Vapours     Pois/Air       70%        N/A       1%          2
f - Mephitic Cloud        Conj/Pois/Air  31%        N/A       5%          3
i - Call Imp              Summ           60%        N/A       3%          2

Your spell library contained the following spells:

 Spells                   Type           Power      Damage    Failure   Level
 Summon Small Mammal      Summ           100%       N/A       2%          1
 Magic Dart               Conj           96%        1d7       3%          1
 Slow                     Hex            24%        N/A       14%         1
 Cigotuvi's Dreadful Rot  Necr/Pois/Air  50%        N/A       4%          2
 Call Canine Familiar     Summ           30%        N/A       6%          3
 Summon Guardian Golem    Hex/Summ       18%        N/A       16%         3
 Spider Form              Tmut/Pois      16%        N/A       19%         3
 Dazzling Flash           Conj/Hex       30%        N/A       21%         3
 Ensorcelled Hibernation  Hex/Ice        12%        N/A       22%         2
 Confusing Touch          Hex            6%         N/A       38%         3
 Vampiric Draining        Necr           6%         2d6       38%         3
 Animate Armour           Summ/Erth      36%        N/A       47%         4
 Freezing Cloud           Conj/Ice/Air   12%        6-21      65%         5
 Anguish                  Hex/Necr       3%         N/A       80%         4
 Blade Hands              Tmut           3%         N/A       98%         5
 Iron Shot                Conj/Erth      7%         9d2       100%        6


Dungeon Overview and Level Annotations

Branches:
Dungeon (6/15)
 Temple: D:4-7

Altars:
Dithmenos
Gozag
Kikubaaqudgha
Qazlal
Ru
Uskayaw

Shops:
D:2 =!*:!   D:4 :

Annotations:
D:3 2 transporters, middlethird's ghost, weakling VSTm


Innate Abilities, Weirdness & Mutations

You have a beak for a mouth.
You have claws for feet.
Your magical nature lets you fly swiftly and evasively.


Message History

Aiming: Poisonous Vapours (safe; 1% risk of failure)
Press: ? - help, Dir - move target, f/p - centaur
Aim: a centaur, wielding a +4 shortbow (moderately wounded, very poisoned)
You feel a surge of power!
Poisonous vapours surround the centaur!
The centaur looks as sick as possible!
The centaur shoots an arrow.
The arrow completely misses you.
The centaur shoots an arrow.
The arrow hits you!
The centaur shoots an arrow.
The arrow hits you.
The centaur shoots an arrow.
The arrow hits you.
* * * LOW HITPOINT WARNING * * *
The centaur shoots an arrow.
The arrow hits you!
* * * LOW HITPOINT WARNING * * *
The bullfrog attacks as you move away! The bullfrog misses you.
The bullfrog closely misses you.
You puncture the bullfrog! Your kick misses the bullfrog.
Your peck misses the bullfrog.
The bullfrog is moderately wounded.
The bullfrog closely misses you.
You closely miss the bullfrog. You claw the bullfrog.
The bullfrog is heavily wounded.
The bullfrog completely misses you. The bullfrog closely misses you.
Casting: Poisonous Vapours (safe; 1% risk of failure)
Confirm with . or Enter, or press ? or * to list all spells.
Aiming: Airstrike (dangerous; 7% risk of failure)
Press: ? - help, Dir - move target, f/p - centaur
Aim: a centaur, wielding a +4 shortbow (severely wounded, very poisoned, empty space bonus: 8/8)
You feel a surge of power!
The air twists around and strikes the centaur.
The centaur is severely wounded.
The bullfrog completely misses you.
Casting: Airstrike (dangerous; 7% risk of failure)
Confirm with . or Enter, or press ? or * to list all spells.
Aiming: Shock (safe; 1% risk of failure)
Press: ? - help, Shift-Dir - straight line, f/p - centaur
Aim: a centaur, wielding a +4 shortbow (severely wounded, very poisoned, 84% to hit)
You feel a surge of power!
You miscast Shock.
You are very lightly contaminated with residual magic.
Nothing appears to happen.
The bullfrog barely misses you. The bullfrog hits you.
You die...

#.# ##########.# #..........# ###
#..........#########
###......##..........#........
.....................#.#########
###.................[...........
.................#.###.#....###.
..#..##.....####@#.# #.#....<#
..#.........####F#.# #.#.....#
......#.........c#.# #.###...# #
........###......#.# #.#.....##.#
..#.......c......#.# #.#.#.......
....[.#.##.......#.###.#........#
.).#.............#.##....#.######
...#.............# #............
...#.............# ##.####.######


You could see a bullfrog and a centaur (very poisoned).

Vanquished Creatures
  Eustachio (D:4)
  Edmund (D:5)
  3 water moccasins
  Duvessa (D:4)
  2 black bears (D:6)
  2 ogres (D:6)
  A scorpion (D:6)
  Dowan (D:4)
  A howler monkey (D:5)
  2 jellies
  3 orc priests
  6 hounds
  Terence (D:2)
  5 iguanas
  3 orc wizards
  4 sleepcaps
  A gnoll (D:6)
  8 adders
  A shadow imp (D:4)
  3 white imps (D:6)
  2 ufetubi (D:6)
  2 worms
  8 dart slugs
  19 orcs
  4 ball pythons
  An endoplasm (D:4)
  A giant cockroach (D:4)
  5 goblins
  7 hobgoblins
  6 quokkas
  3 bats
  5 frilled lizards
  5 kobolds
  6 rats
124 creatures vanquished.

Vanquished Creatures (collateral kills)
  A dart slug (D:4)
1 creature vanquished.

Grand Total: 125 creatures vanquished

Notes
Turn   | Place    | Note
-------+----------+-------------------------------------------
     0 | D:1      | Ekaitz the Tengu Air Elementalist began the quest for the
                  | Orb.
     0 | D:1      | Reached XP level 1. HP: 10/10 MP: 4/4
   291 | D:1      | Reached XP level 2. HP: 15/15 MP: 1/6
   294 | D:1      | Learned a level 2 spell: Static Discharge
   297 | D:1      | Learned a level 2 spell: Call Imp
   482 | D:1      | Got the Directory of the Nocuous Curse
  1041 | D:2      | Found Iwkaw's Distillery.
  1049 | D:2      | Bought a potion of degeneration for 11 gold pieces
  1049 | D:2      | Bought a potion of heal wounds for 55 gold pieces
  1124 | D:2      | Found Fuphercheo's Book Boutique.
  1248 | D:2      | Found Hyfozimy's General Store.
  1251 | D:2      | Bought a scroll of amnesia for 40 gold pieces
  1278 | D:2      | Upgraded the game from 0.30.1-11-g7821555f0a to 0.30.2
  1278 | D:2      | Reached XP level 3. HP: 15/19 MP: 2/7
  1281 | D:2      | Learned a level 2 spell: Poisonous Vapours
  1412 | D:2      | Found Tuhaz's Distillery.
  1470 | D:2      | Noticed Terence
  1484 | D:2      | Killed Terence
  1651 | D:2      | Reached XP level 4. HP: 18/24 MP: 5/9
  1708 | D:2      | Found Ciso's Jewellery Boutique.
  1870 | D:2      | Bought a potion of curing for 33 gold pieces
  1889 | D:3      | Found a transporter.
  1933 | D:3      | Noticed middlethird's ghost (weakling VSTm)
  2060 | D:3      | Found a transporter.
  2398 | D:3      | Reached skill level 1 in Summonings
  2431 | D:3      | Reached skill level 1 in Fighting
  2888 | D:4      | Gained mutation: Your magical nature lets you fly swiftly
                  | and evasively. [Tengu growth]
  2888 | D:4      | Reached XP level 5. HP: 25/29 MP: 7/10
  3016 | D:4      | Found a stormy altar of Qazlal.
  3021 | D:4      | Noticed Duvessa
  3070 | D:4      | Noticed Eustachio
  3102 | D:4      | Killed Eustachio
  3103 | D:4      | Reached skill level 1 in Short Blades
  3103 | D:4      | Reached skill level 5 in Air Magic
  3103 | D:4      | Reached skill level 1 in Poison Magic
  3103 | D:4      | Reached XP level 6. HP: 12/34 MP: 0/11
  3116 | D:4      | Learned a level 4 spell: Airstrike
  3763 | D:4      | Found a hide-covered altar of Uskayaw.
  4008 | D:4      | Found an opulent altar of Gozag.
  4087 | D:4      | Noticed Dowan
  4181 | D:4      | Found a shadowy altar of Dithmenos.
  4181 | D:4      | Found an ancient bone altar of Kikubaaqudgha.
  4290 | D:4      | Reached XP level 7. HP: 34/40 MP: 13/13
  4390 | D:4      | Found a transporter.
  4392 | D:4      | Found Tuni's Book Shop.
  4446 | D:4      | Found a transporter.
  4530 | D:5      | Entered Level 5 of the Dungeon
  5104 | D:5      | Noticed Edmund
  5112 | D:5      | Killed Edmund
  5240 | D:5      | Reached XP level 8. HP: 39/45 MP: 5/14
  5364 | D:5      | Found a sacrificial altar of Ru.
  5878 | D:4      | Killed Duvessa
  5880 | D:4      | Killed Dowan
  5881 | D:4      | Reached skill level 6 in Air Magic
  6202 | D:5      | Learned a level 3 spell: Swiftness
  6684 | D:6      | Reached XP level 9. HP: 51/51 MP: 0/16
  6688 | D:6      | Learned a level 3 spell: Mephitic Cloud
  6806 | D:6      | Reached skill level 7 in Air Magic
  6917 | D:6      | Reached skill level 5 in Spellcasting
  7188 | D:6      | Slain by a bullfrog

Illustrated notes

Levels and vault maps discovered:
D:1:      zelgadis_glass_arrival_small, layout_basic
D:2:      layout_loops_ring, serial_shops, shop, shop,
          nicolae_shop_real_fake_doors, shop, shop, uniq_terence
D:3:      layout_basic, gammafunk_ghost_stat_death
D:4:      minmay_bubble_buster, layout_basic, mainiacjoe_overflow_tiny_flanked,
          mainiacjoe_overflow_alcove_2, nicolae_gozag_seed_capital,
          gammafunk_temple_overflow_wave, serial_shops, nicolae_shop_drivethru,
          uniq_duvessa, uniq_eustachio
D:5:      layout_rooms, lemuel_crystal_altar, wad_woods_river_04,
          chequers_big_river, chequers_jeans, uniq_edmund
D:6:      cheibrodos_barr_body, layout_basic

Skill      XL: |  1  2  3  4  5  6  7  8  9 |
---------------+----------------------------+-----
Summonings     | 1 2 3 4 |  4.6
Fighting       | 1 2 3 4 |  4.0
Short Blades   | 1 2 |  2.6
Dodging        | 3 4 |  4.6
Spellcasting   | 3 4 5 |  5.0
Air Magic      | 5 6 7 |  7.3
Poison Magic   | 1 2 3 4 |  4.0
Conjurations   | 2 3 |  3.5
Stealth        | 3 |  3.9

Action                     |  1- 3 |  4- 6 |  7- 9 || total
---------------------------+-------+-------+-------++-------
  Melee: Short sword       |     8 |     7 |       ||    15
         Unarmed           |     1 |       |       ||     1
         Peck              |     1 |    17 |    15 ||    33
         Dagger            |       |    67 |    17 ||    84
         Kick              |       |    22 |    23 ||    45
         Punch             |       |     2 |       ||     2
         Rapier            |       |       |    42 ||    42
   Cast: Shock             |    26 |    38 |    75 ||   139
         Static Discharge  |     6 |     9 |    22 ||    37
         Poisonous Vapours |     5 |    25 |    29 ||    59
         Call Imp          |       |     3 |       ||     3
         Airstrike         |       |       |     9 ||     9
   Stab: Sleeping          |     3 |     8 |     6 ||    17
 Armour: Robe              |     1 |    10 |     6 ||    17
  Dodge: Dodged            |    18 |   115 |    92 ||   225
